 Dungeon Crawl Stone Soup version 0.32-a0-818-gb728d0252e (webtiles) character file.

Game seed: 7876405791076936514

278 porpoise the Poker (level 6, -3/48 HPs)
             Began as a Demonspawn Gladiator on Mar 23, 2024.
             Killed by divine providence
             ... invoked by an orc priest
              (10 damage)
             ... on level 3 of the Dungeon.
             The game lasted 00:07:48 (2180 turns).

porpoise the Poker (Demonspawn Gladiator)           Turns: 2180, Time: 00:07:48

Health: -3/48      AC:  8    Str: 15    XL:     6   Next: 5%
Magic:  6/6        EV: 10    Int:  8    God:
Gold:   103        SH:  5    Dex: 16    Spells: 5/5 levels left

rFire   . . .        a - +0 trident
rCold   . . .        (no shield)
rNeg    . . .        p - +0 ring mail
rPois   .            r - +0 helmet
rElec   .            (no cloak)
rCorr   .            j - +0 pair of gloves
SInv    .            u - +0 pair of boots
Will    .....        c - amulet of reflection
Stlth   +            (no ring)
HPRegen 0.28/turn    (no ring)
MPRegen 0.10/turn

%: reflection
@: no status effects
A: ignite blood 3
a: Convert to Beogh


You were on level 3 of the Dungeon.
You visited 1 branch of the dungeon, and saw 3 of its levels.

You collected 103 gold pieces.

Inventory:

Hand Weapons
 a - a +0 trident (weapon)
 b - a +0 sling
 v - the +8 broad axe of the Morning {heavy, rElec rN+}
   (You found it on level 3 of the Dungeon)

   rElec:     It insulates you from electricity.
   rN+:       It protects you from negative energy.
Missiles
 d - 3 throwing nets (quivered)
 e - 3 javelins
Armour
 j - a +0 pair of gloves (worn)
 p - a +0 ring mail (worn)
 r - a +0 helmet (worn)
 u - a +0 pair of boots (worn)
Jewellery
 c - an amulet of reflection (around neck)
Scrolls
 i - a scroll of silence {unknown}
 k - a scroll of revelation {unknown}
 l - a scroll of amnesia {unknown}
 m - a scroll of poison
 n - a scroll of acquirement {unknown}
 o - a scroll of fear {unknown}
 q - a scroll of noise
Potions
 f - a potion of brilliance {unknown}
 g - 2 potions of curing {unknown}
 h - 2 potions of degeneration {unknown}
 s - 2 potions of cancellation {unknown}
 t - 2 potions of attraction {unknown}


   Skills:
 + Level 3.9 Fighting
 * Level 5.3 Polearms
 - Level 1.7 Throwing
 - Level 2.6 Dodging


You had 5 spell levels left.
You didn't know any spells.
Your spell library was empty.

Dungeon Overview and Level Annotations

Branches:
Dungeon (3/15)

Altars:
Xom

Annotations:
D:3 Natasha


Innate Abilities, Weirdness & Mutations

Your demonic aura causes all spilled blood to erupt in flames.


Message History

v - the +8 broad axe of the Morning {heavy, rElec rN+}
Found an escape hatch in the ceiling.
An orc comes into view. It is wielding a +0 war axe.
A bombardier beetle comes into view.
An orc and an orc priest come into view.
The orc priest shouts!
The bombardier beetle sprays incendiary fluid at you.
The burning spray hits you.
You are covered in liquid fire!
You reach to attack!
You hit the bombardier beetle.
The bombardier beetle is lightly wounded.
The liquid fire burns you!
You reach to attack!
You barely miss the bombardier beetle.
The bombardier beetle is lightly wounded.
The liquid fire burns you!
The orc priest invokes the aid of Beogh against you.
Beogh smites you!
You hear an angry hiss.
The orc priest threatens, "Beogh's wrath is as vast as their mercy.
Make your choice!" (press Y on the ability menu to convert to Beogh)
You shake off some of the fire as you move.
The liquid fire burns you!
Natasha, Servant of Life and Death comes into view.
The orc barely misses you.
You shake off the liquid fire.
The orc attacks as it pursues you! The orc hits you with a +0 war axe.
The orc priest begins to cast a cantrip, but forgets the words!
Natasha mumbles some strange words.
You puncture the orc!
You kill the orc!
An orc comes into view. It is wielding a +0 club.
The cerulean imp hits you but does no damage.
The orc priest calls down the wrath of Beogh upon you.
Beogh smites you!
* * * LOW HITPOINT WARNING * * *
Things that are here:
a +0 war axe; a +0 chain mail; an orc corpse The orc priest calls down the wrath of Beogh upon you.
Beogh smites you!
You die...

.#
.######.######.#
#.#.# ... #...##
#.# #.#.. ##.#
#.###.####.# #. ##
....#B #.
#......########.
.# ...###
#.##.#.........
..# #.#.#
..###...########
...#...##### ###.#
#.#.#...o#######.#
...#..oBh○...@..#
#o#.#..o5#########
.. #.....## ..
#.#.####### .
...#.......#
...#.##.####.#
##.##. #.# ... ..
#.# .# .# #.#


You could see a bombardier beetle, an orc priest, Natasha, a cerulean imp
(summoned) and 2 orcs.

Vanquished Creatures
  Sigmund (D:2)
  Robin (D:2)
  2 adders
  3 dart slugs
  An orc (D:3)
  6 endoplasms
  3 giant cockroaches
  14 goblins
  13 hobgoblins
  4 jackals
  2 quokkas (D:1)
  8 ball pythons
  7 bats
  6 frilled lizards
  3 kobolds
74 creatures vanquished.

Notes
Turn   | Place    | Note
-------+----------+-------------------------------------------
     0 | D:1      | porpoise the Demonspawn Gladiator began the quest for the
                  | Orb.
     0 | D:1      | Reached XP level 1. HP: 16/16 MP: 1/1
    99 | D:1      | Reached skill level 3 in Polearms
   142 | D:1      | Gained mutation: Your demonic aura sometimes causes spilled
                  | blood to erupt in flames. [demonic ancestry]
   142 | D:1      | Reached XP level 2. HP: 22/22 MP: 2/2
   610 | D:1      | Gained mutation: Your demonic aura often causes spilled
                  | blood to erupt in flames. [demonic ancestry]
   610 | D:1      | Reached XP level 3. HP: 28/28 MP: 3/3
  1176 | D:2      | Noticed Sigmund
  1194 | D:2      | Killed Sigmund
  1195 | D:2      | Reached skill level 5 in Polearms
  1195 | D:2      | Reached XP level 4. HP: 3/37 MP: 4/4
  1195 | D:2      | Reached XP level 5. HP: 3/42 MP: 5/5
  1380 | D:2      | Noticed Robin
  1392 | D:2      | Killed Robin
  1551 | D:2      | Found a shimmering altar of Xom.
  1900 | D:3      | Gained mutation: Your demonic aura causes all spilled blood
                  | to erupt in flames. [demonic ancestry]
  1900 | D:3      | Reached XP level 6. HP: 48/48 MP: 6/6
  2083 | D:3      | Found a faded altar of an unknown god.
  2119 | D:3      | Identified the +8 broad axe of the Morning {heavy, rElec
                  | rN+}
  2169 | D:3      | Noticed Natasha
  2180 | D:3      | Killed from afar by an orc priest

Illustrated notes

Levels and vault maps discovered:
D:1:      dpeg_arrival_radiant, layout_loops_ring
D:2:      layout_loops_ring, basic_altar, columned_hall_lemuel, uniq_robin,
          uniq_sigmund
D:3:      layout_loops_ring, mainiacjoe_overflow_paths, basic_ecumenical_altar,
          nicolae_concentric_dashed_squares_mild, minmay_puff, uniq_natasha

Skill      XL: |  1  2  3 |
---------------+----------+-----
Polearms       | 3 5 |  5.3
Fighting       | 3 |  3.9
Throwing       | |  1.7
Dodging        | |  2.6

Action                     |  1- 3 |  4- 6 || total
---------------------------+-------+-------++-------
  Melee: Trident           |    84 |    85 ||   169
   Fire: Sling             |    22 |       ||    22
    Use: Scroll            |       |     2 ||     2
 Armour: Leather armour    |    44 |       ||    44
         Ring mail         |    14 |    49 ||    63
  Dodge: Dodged            |    36 |    38 ||    74
  Block: Other             |       |     8 ||     8

Table legend: (Time is in decaauts)
 A = Elapsed time spent in this place.
 B = Non-inter-level travel time spent in this place.
 C = Inter-level travel time spent in this place.
 D = Time resting spent in this place.
 E = Time spent auto-exploring this place.
 F = Levels seen in this place.
 G = Mean time per level.
                   A        B        C        D        E       F      G
               +--------+--------+--------+--------+--------+-----+--------+
         Total |   2198 |   2131 |     67 |    370 |   1253 |   3 |  732.7 |
       Dungeon |   2198 |   2131 |     67 |    370 |   1253 |   3 |  732.7 |
               +--------+--------+--------+--------+--------+-----+--------+

Top non-repeatable levels by time:
     D:1: 946 daAuts
     D:2: 892 daAuts
     D:3: 360 daAuts
